 Dungeon Crawl Stone Soup version 0.30-a0-368-g86fb4627a9 (webtiles) character file.

Game seed: 15314906729120483846

253 oldriver the Magician (level 5, 0/42 HPs)
             Began as a Mummy Necromancer on Nov 19, 2022.
             Slain by an orc wizard
             ... wielding a +0 dagger
              (1 damage)
             ... on level 5 of the Dungeon.
             The game lasted 00:03:50 (4525 turns).

oldriver the Magician (Mummy Necromancer)           Turns: 4525, Time: 00:03:51

Health: 0/42       AC:  3    Str: 12    XL:     5   Next: 90%
Magic:  10/13      EV: 12    Int: 22    God:
Gold:   260        SH:  0    Dex: 12    Spells: 7/15 levels left

rFire   x . .      SeeInvis .    s - +2 dagger (vamp)
rCold   + . .      Faith    +    (no shield)
rNeg    + + +      Spirit   .    a - +0 robe
rPois   ∞          Reflect  .    (no helmet)
rElec   .          Harm     .    n - scarf {repulsion}
rCorr   +          Rampage  .    (no gloves)
Will    .....                    l - +0 pair of boots
Stlth   ++........               (no amulet)
HPRegen 0.27/turn                f - +6 ring of intelligence
MPRegen 0.13/turn                i - ring of resist corrosion

@: repel missiles
A: cold resistance 1, negative energy resistance 3, torment resistance 2, heat
vulnerability 1, in touch with death 1, no potions, faith
a: no special abilities


You were on level 5 of the Dungeon.
You visited 1 branch of the dungeon, and saw 5 of its levels.

You collected 260 gold pieces.

Inventory:

Hand Weapons
 s - a +2 vampiric dagger (weapon)
Armour
 a - a +0 robe (worn)
 l - a +0 pair of boots (worn)
 n - a scarf of repulsion (worn)
Jewellery
 b - a ring of ice
 f - a +6 ring of intelligence (left hand)
 i - a ring of resist corrosion (right hand)
 q - a +4 ring of protection
Scrolls
 c - a scroll of fog {unknown}
 d - 7 scrolls of identify {unknown}
 g - 2 scrolls of teleportation {unknown}
 h - a scroll of immolation {unknown}
 j - 3 scrolls of amnesia {unknown}
 k - 2 scrolls of fear {unknown}
 m - a scroll of blinking {unknown}
 o - 2 scrolls of magic mapping {unknown}
 p - a scroll of enchant weapon {unknown}
 r - a scroll of brand weapon {unknown}


   Skills:
 + Level 4.0 Fighting
 - Level 1.5 Dodging
 - Level 1.5 Stealth
 + Level 5.7 Spellcasting
 - Level 4.0 Necromancy


You had 7 spell levels left.
You knew the following spells:

 Your Spells              Type           Power      Damage    Failure   Level
a - Necrotise             Necr           100%       1d9       1%          1
b - Vampiric Draining     Necr           35%        2d8       5%          3
c - Animate Dead          Necr           35%        N/A       19%         4

Your spell library contained the following spells:

 Spells                   Type           Power      Damage    Failure   Level
 Call Canine Familiar     Summ           6%         N/A       28%         3
 Inner Flame              Hex/Fire       6%         N/A       28%         3
 Portal Projectile        Hex/Tloc       12%        N/A       28%         3
 Agony                    Necr           35%        N/A       45%         5
 Flame Wave               Conj/Fire      6%         2d5       67%         4
 Leda's Liquefaction      Hex/Erth       3%         N/A       67%         4
 Sticky Flame             Conj/Fire      6%         2d3       67%         4


Dungeon Overview and Level Annotations

Branches:
Dungeon (5/15)
 Temple: D:4-7

Altars:

Shops:
D:3 !   D:4 *


Innate Abilities, Weirdness & Mutations

You are immune to poison.
Your flesh is cold resistant. (rC+)
You are immune to negative energy. (rN+++)
You are immune to unholy pain and torment.
You are vulnerable to heat. (rF-)
You are in touch with the powers of death.
You do not drink.
You have a special connection with the divine. (Faith)


Message History

Something hits you. The orc wizard misses you.
You hit something.
You feel better. Something hits you.
The orc wizard points at you and mumbles some strange words.
The magic dart hits you!
* * * LOW HITPOINT WARNING * * *
You miss something. Something hits you.
* * * LOW HITPOINT WARNING * * *
The orc wizard hits you but does no damage.
You barely miss something.
You hear some strange, mumbled words.
Something tries to affect you, but you resist.
The orc wizard closely misses you.
You hit the orc wizard.
You feel better.
The orc wizard is severely wounded.
Something hits you.
* * * LOW HITPOINT WARNING * * *
The orc wizard closely misses you.
You hit the orc wizard but do no damage.
The orc wizard is severely wounded.
Something hits you.
* * * LOW HITPOINT WARNING * * *
The orc wizard misses you.
Casting: Necrotise (safe; 1% risk of failure)
Confirm with . or Enter, or press ? or * to list all spells.
Aiming: Necrotise (safe; 1% risk of failure)
Press: ? - help, Shift-Dir - straight line, f - orc wizard, p - orc
Aim: an orc wizard, wielding a +0 dagger and wearing a +0 robe (severely wounded, chance to affect: 83%)
You feel a surge of power!
The orc wizard writhes in agony.
Something hits you.
* * * LOW HITPOINT WARNING * * *
The orc wizard gestures at you while chanting.
You resist with some effort.
Casting: Necrotise (safe; 1% risk of failure)
Confirm with . or Enter, or press ? or * to list all spells.
Aiming: Necrotise (safe; 1% risk of failure)
Press: ? - help, Shift-Dir - straight line, f/p - orc wizard
Aim: an orc wizard, wielding a +0 dagger and wearing a +0 robe (almost dead, chance to affect: 83%)
You feel a surge of power!
The orc wizard barely resists.
Something hits you but does no damage.
The orc wizard hits you with a +0 dagger.
You die...

#.# ##.# #.# #.. ##.# #.# #
.>. ...# #.# #.####.# #..#
## #.# ...#.# #..# ....
#####.######.#.###..####....
............................
.###.........#.###..........
.#.#.........#.o@{o.........
.#.........#.#####o.........
.#.###.###.#.# #..........
.#.<.......#.# #........(.
(#.####.####.# #..........
.#.#..#......# ###.###....
.#.#..#..####### #.# ...
.#.#..#......... #[# ##
.#.#..#.######## #.#


You could see an orc wizard and 2 orcs.

Vanquished Creatures
  A hound (D:4)
  Natasha (thrice) (D:2)
  3 gnolls (D:4)
  3 adders
  A worm (D:2)
  A dart slug (D:3)
  5 orcs (D:3)
  3 endoplasms
  4 giant cockroaches
  8 hobgoblins
  6 jackals
  A quokka (D:3)
  7 ball pythons
  2 bats
  2 frilled lizards (D:3)
  8 goblins
  2 kobolds
  3 rats
63 creatures vanquished.

Vanquished Creatures (collateral kills)
  A quokka (D:2)
1 creature vanquished.

Vanquished Creatures (others)
  An orc wizard (D:5)
1 creature vanquished.

Grand Total: 65 creatures vanquished

Notes
Turn   | Place    | Note
-------+----------+-------------------------------------------
     0 | D:1      | oldriver the Mummy Necromancer began the quest for the Orb.
     0 | D:1      | Reached XP level 1. HP: 13/13 MP: 4/4
    94 | D:1      | Reached skill level 3 in Spellcasting
    98 | D:1      | Reached skill level 1 in Fighting
   105 | D:1      | Reached XP level 2. HP: 19/21 MP: 0/6
   446 | D:1      | Found a faded altar of an unknown god.
  1359 | D:2      | Gained mutation: You are in touch with the powers of death.
                  | [Mummy growth]
  1359 | D:2      | Reached XP level 3. HP: 11/27 MP: 0/8
  1459 | D:2      | You fall into a shaft and drop 2 floors!
  1499 | D:4      | Reached skill level 4 in Spellcasting
  1592 | D:4      | Reached XP level 4. HP: 34/34 MP: 7/10
  2083 | D:2      | Noticed Natasha
  2089 | D:2      | Killed Natasha
  2090 | D:2      | Reached skill level 5 in Spellcasting
  2090 | D:2      | Reached XP level 5. HP: 41/41 MP: 5/12
  2161 | D:2      | Noticed Natasha
  2170 | D:2      | Killed Natasha
  2253 | D:2      | Noticed Natasha
  2267 | D:2      | Killed Natasha
  2409 | D:2      | Learned a level 3 spell: Vampiric Draining
  2414 | D:2      | Learned a level 4 spell: Animate Dead
  2799 | D:3      | Found Cefujar's Distillery.
  3916 | D:4      | Found Zedigiwu's CLEARANCE SALE!.
  4276 | D:5      | Entered Level 5 of the Dungeon
  4524 | D:5      | HP: 1/42 [something (2)]
  4525 | D:5      | Slain by an orc wizard

Illustrated notes

Levels and vault maps discovered:
D:1:      saegor_arrival_miasma, layout_loops_ring, serial_forest,
          infiniplex_forest_straight_2, infiniplex_forest_fountain,
          infiniplex_forest_clump_double, infiniplex_forest_clump_cross,
          infiniplex_forest_lined_3_way, infiniplex_forest_clump_C,
          infiniplex_forest_end_3, infiniplex_forest_clump_medium,
          ebering_ecumenical_altar_hall
D:2:      layout_rooms, grunt_ministairs_4, hangedman_decor_growths,
          uniq_natasha
D:3:      layout_loops_ring, serial_shops, nicolae_shop_stone
D:4:      layout_layer_cave, nicolae_shop_clearance
D:5:      layout_basic, chequers_serial_rivers_micro_e, serial_bayou_pond_e,
          minmay_misc_feat_iff

Skill      XL: |  1  2  3  4  5 |
---------------+----------------+-----
Spellcasting   | 3 4 5 |  5.7
Fighting       | 1 2 3 4 |  4.0
Dodging        | |  1.5
Stealth        | |  1.5
Necromancy     | |  4.0

Action                   |  1- 3 |  4- 6 || total
-------------------------+-------+-------++-------
Melee: Unarmed           |    19 |       ||    19
       Punch             |     1 |       ||     1
       Dagger            |    18 |    33 ||    51
 Cast: Necrotise         |    44 |    76 ||   120
Armor: Robe              |    14 |    29 ||    43
Dodge: Dodged            |    38 |    29 ||    67
       Repelled          |       |     3 ||     3

Table legend: (Time is in decaauts)
 A = Elapsed time spent in this place.
 B = Non-inter-level travel time spent in this place.
 C = Inter-level travel time spent in this place.
 D = Time resting spent in this place.
 E = Time spent auto-exploring this place.
 F = Levels seen in this place.
 G = Mean time per level.
                   A        B        C        D        E       F      G
               +--------+--------+--------+--------+--------+-----+--------+
         Total |   4532 |   4323 |    209 |    208 |   3566 |   5 |  906.4 |
       Dungeon |   4532 |   4323 |    209 |    208 |   3566 |   5 |  906.4 |
               +--------+--------+--------+--------+--------+-----+--------+

Top non-repeatable levels by time:
     D:1: 1300 daAuts
     D:4: 1274 daAuts
     D:3: 919 daAuts
     D:2: 815 daAuts
     D:5: 223 daAuts
